Map: Winter's Gate LE

Players

Reynor - Winner!

  • Race: Zerg Zerg
  • League: Master
  • Spawn Location: 11:00

HAS

  • Race: Protoss Protoss
  • Spawn Location: 5:00

Event: NationWars 2019

VOD

Have the link to the VOD?

Description

Time

  • Played on: Nov. 15, 2019, 1:14 p.m.
  • Length: 11:36

All games in this series

Show
View Real Time Build Order
Export as new Build Order

Reynor Zerg - Winner!

Build Orders: Pool First 

Get SALT Encoding   

  12  0:00  Drone  
  13  0:12  Overlord  
  13  0:17  Drone  
  14  0:31  Drone x2  
  16  0:41  Spawning Pool  
  15  0:45  Drone  
  15  0:49  Drone  
  17  1:09  Hatchery  
  16  1:12  Drone  
  17  1:20  Drone  
  18  1:26  Extractor  
  18  1:28  Zergling x4  
  19  1:33  Queen  
  19  1:39  Overlord  
  21  1:50  Drone  
  22  2:00  Drone  
  23  2:09  Queen  
  23  2:11  Drone  
  28  2:22  Drone x2  
  28  2:32  Drone  
  28  2:33  Metabolic Boost  
  28  2:34  Overlord  
  29  2:43  Drone x4  
  32  2:56  Drone, Hatchery  
  32  2:57  Drone  
  33  3:03  Zergling x2  
  34  3:05  Queen  
  34  3:08  Zergling x2  
  34  3:10  Drone  
  38  3:18  Drone  
  38  3:19  Overlord  
  39  3:26  Zergling x2  
  40  3:29  Drone x2  
  40  3:30  Drone  
  40  3:32  Overlord  
  43  3:37  Overlord  
  43  3:43  Queen  
  43  3:44  Roach Warren  
  43  3:48  Drone x3  
  47  3:55  Extractor  
  46  3:57  Drone  
  46  3:58  Drone x3  
  46  4:00  Zergling x2  
  51  4:03  Zergling x2  
  51  4:04  Zergling x2  
  51  4:07  Overlord  
  51  4:09  Zergling x2  
  54  4:25  Roach  
  54  4:26  Roach x5  
  54  4:28  Roach  
  68  4:31  Spore Crawler  
  68  4:36  Roach x2  
  71  4:39  Overlord  
  71  4:41  Drone  
  71  4:42  Spore Crawler  
  71  4:45  Roach  
  73  4:55  Overlord  
  73  4:58  Roach x4  
  81  5:08  Zergling x2  
  81  5:13  Overlord  
  81  5:14  Extractor  
  81  5:17  Zergling x6, Roach x3  
  87  5:23  Roach  
  87  5:24  Overlord  
  89  5:29  Lair  
  89  5:35  Drone x4  
  92  5:38  Roach  
  92  5:41  Roach  
  96  5:49  Spore Crawler  
  95  5:53  Drone x5  
  95  5:56  Drone x2  
  102  5:59  Drone  
  103  6:04  Drone x2  
  103  6:07  Overlord  
  105  6:12  Spine Crawler  
  104  6:21  Overlord  
  104  6:28  Roach x4  
  104  6:32  Roach  
  113  6:33  Overseer  
  113  6:36  Overlord  
  113  6:39  Overlord  
  113  6:40  Roach x4  
  113  6:46  Overlord  
  121  6:48  Glial Reconstitution  
  121  6:57  Drone x8  
  121  6:58  Drone, Evolution Chamber  
  121  6:59  Drone  
  130  7:01  Drone  
  129  7:09  Drone x2  
  129  7:14  Spire, Drone, Extractor  
  130  7:20  Drone x4  
  134  7:27  Overlord  
  134  7:32  Roach x5  
  134  7:34  Zerg Missile Weapons Level 1  
  134  7:36  Extractor  
  142  7:37  Extractor  
  142  7:42  Drone  
  137  7:44  Drone, Baneling Nest  
  137  7:45  Drone x4  
  137  7:48  Roach x2  
  144  8:00  Overlord  
  144  8:01  Roach x5  
  154  8:11  Overlord  
  154  8:19  Zergling x12  
  161  8:20  Zergling x2  
  161  8:21  Hatchery  
  161  8:24  Ravager x2  
  162  8:29  Overlord  
  162  8:31  Zergling x2  
  162  8:32  Zergling x4  
  162  8:33  Centrifical Hooks  
  165  8:40  Baneling x14  
  165  8:45  Zergling x10  
  170  8:51  Baneling x6  
  170  8:58  Roach x4  
  170  9:02  Overlord  
  178  9:05  Baneling x8  
  178  9:10  Overlord  
  178  9:19  Overlord  
  178  9:26  Zergling x12, Hatchery, Roach  
  178  9:28  Overseer  
  178  9:31  Zergling x14  
  188  9:34  Baneling x2  
  188  9:37  Roach  
  194  9:38  Overlord  
  194  9:46  Baneling x12  
  194  9:57  Zergling x2  
  194  9:58  Zergling x14  
  189  10:12  Zergling x20, Roach  
  192  10:17  Zergling x8  
  192  10:19  Baneling  
  192  10:20  Baneling x11  
  196  10:22  Baneling  
  196  10:25  Zergling x4  
  196  10:27  Hatchery  
  193  10:35  Zergling x2  
  193  10:36  Zergling x10  
  195  10:44  Baneling x4  
  195  10:45  Baneling x16  
  195  10:52  Baneling x5  
  195  10:54  Ravager x3  
  198  11:01  Zergling x4  
Show
View Real Time Build Order
Export as new Build Order

HAS Protoss 

Build Orders: 1 Gate Expand, Chargelot Immortal 

Get SALT Encoding   

  12  0:01  Probe  
  13  0:13  Probe  
  14  0:21  Pylon  
  14  0:25  Probe  
  15  0:29  Assimilator  
  15  0:40  Probe (Chrono Boost)  
  16  0:43  Gateway  
  17  0:50  Probe (Chrono Boost)  
  17  0:55  Probe (Chrono Boost)  
  18  1:06  Probe  
  19  1:19  Probe  
  19  1:23  Nexus  
  20  1:33  Cybernetics Core  
  20  1:36  Probe  
  21  1:41  Assimilator  
  21  1:48  Pylon  
  21  1:52  Probe  
  22  2:04  Probe  
  22  2:07  Adept (Chrono Boost)  
  23  2:15  Twilight Council  
  25  2:17  Probe  
  26  2:29  Probe  
  27  2:32  Warp Gate  
  29  2:43  Probe  
  30  2:50  Robotics Facility  
  30  2:53  Pylon  
  30  2:56  Charge (Chrono Boost), Probe  
  31  3:03  Probe  
  32  3:09  Probe (Chrono Boost)  
  32  3:10  Stalker (Chrono Boost)  
  31  3:15  Probe (Chrono Boost)  
  34  3:26  Probe x2 (Chrono Boost)  
  36  3:34  Gateway  
  36  3:35  Gateway  
  36  3:36  Gateway  
  36  3:43  Gateway  
  35  3:49  Warp Prism (Chrono Boost)  
  35  3:50  Gateway  
  35  3:54  Probe  
  38  3:59  Probe  
  39  4:07  Pylon, Probe  
  40  4:15  Pylon  
  40  4:19  Probe x2  
  42  4:25  Dark Shrine  
  42  4:30  Zealot x3  
  46  4:32  Zealot  
  48  4:51  Zealot x5  
  58  4:52  Zealot  
  60  5:00  Pylon  
  60  5:02  Pylon  
  60  5:12  Zealot  
  62  5:16  Pylon  
  62  5:20  Zealot x2  
  64  5:22  Zealot x3  
  72  5:39  Probe x2  
  72  5:43  Dark Templar x3  
  78  5:51  Probe  
  78  5:53  Immortal (Chrono Boost)  
  83  6:11  Pylon  
  83  6:18  Pylon  
  83  6:19  Nexus  
  83  6:20  Sentry  
  83  6:21  Probe  
  83  6:23  Pylon  
  86  6:34  Observer (Chrono Boost)  
  86  6:36  Probe x2  
  89  6:43  Pylon  
  89  6:45  Immortal (Chrono Boost)  
  89  6:48  Probe  
  89  6:49  Zealot x3  
  89  6:53  Probe  
  101  7:00  Probe  
  102  7:12  Immortal (Chrono Boost)  
  106  7:19  Probe x2  
  108  7:28  Zealot x5  
  118  7:33  Gateway  
  118  7:34  Gateway  
  110  7:37  Gateway  
  110  7:41  Warp Prism (Chrono Boost)  
  110  7:49  Sentry  
  110  7:50  Sentry, Zealot x3  
  120  8:02  Pylon  
  120  8:03  Pylon  
  120  8:12  Stalker  
  122  8:13  Stalker x2, Pylon  
  122  8:14  Zealot x2  
  130  8:28  Immortal  
  130  8:32  Zealot x3  
  140  8:35  Zealot  
  140  8:36  Zealot x2  
  144  8:41  Stalker  
  144  8:42  Stalker  
  144  8:48  Pylon  
  148  8:54  Pylon  
  148  8:59  Probe x3  
  150  9:03  Forge  
  150  9:11  Probe x3  
  153  9:23  Probe x3  
  152  9:26  Robotics Facility  
  150  9:35  Probe x2  
  150  9:36  Probe, Twilight Council  
  145  9:46  Assimilator x2  
  145  9:47  Probe  
  145  9:48  Probe  
  147  9:53  Assimilator  
  147  9:54  Assimilator  
  127  10:13  Immortal (Chrono Boost)  
  127  10:14  Stalker  
  91  10:15  Zealot x5  
  91  10:19  Shield Battery  
  91  10:21  Shield Battery x2  
  105  10:22  Shield Battery  
  105  10:25  Stalker x2, Photon Cannon  
  105  10:26  Photon Cannon  
  109  10:36  Sentry  
  109  10:38  Zealot x4  
  117  10:43  Stalker  
  117  10:49  Sentry  
  121  10:50  Zealot  
  121  10:56  Photon Cannon  
  127  11:05  Probe x2  
  129  11:13  Templar Archives  
  117  11:21  Stalker  
  117  11:22  Zealot x2  
  117  11:23  Zealot x5  
Tags
 
Add a new tag
Caveats
  • Supply blocks, unpowered buildings, or Contaminate may cause inaccurate times.
  • Supply counts are checked every 10 seconds.